 Dungeon Crawl Stone Soup version 0.28.0-53-g5a82cb258f (webtiles) character file.

Game seed: 6653377250588655290

2295 safid the Severer (level 9, -1/71 HPs)
             Began as a Hill Orc Fighter on July 28, 2022.
             Was an Elder of Elyvilon.
             Shot with an arrow by a centaur (5 damage)
             ... on level 8 of the Dungeon.
             The game lasted 00:10:52 (9548 turns).

safid the Severer (Hill Orc Fighter)                Turns: 9548, Time: 00:10:52

Health: -1/71      AC:  9    Str: 23    XL:     9   Next: 40%
Magic:  3/9        EV:  9    Int:  8    God:    Elyvilon [****..]
Gold:   242        SH:  4    Dex: 10    Spells: 8/8 levels left

rFire   . . .      SeeInvis .   a - +0 war axe
rCold   . . .      Faith    .   c - +0 buckler
rNeg    . . .      Spirit   .   b - +0 scale mail
rPois   +          Reflect  .   (no helmet)
rElec   .          Harm     .   u - +0 cloak
rCorr   .          Rampage  .   (no gloves)
Will    +....                   f - +0 pair of boots
Stlth   ..........              (no amulet)
HPRegen 0.21/turn               v - ring of poison resistance
MPRegen 0.11/turn               w - ring of willpower

@: lethally poisoned (-1 -> -7)
A: no striking features
a: Renounce Religion, Purification, Heal Other, Heal Self


You were on level 8 of the Dungeon.
You worshipped Elyvilon.
Elyvilon was greatly pleased with you.
You visited 1 branch of the dungeon, and saw 8 of its levels.

You collected 242 gold pieces.

Inventory:

Hand Weapons
 a - a +0 war axe (weapon)
Missiles
 r - 10 poisoned darts (quivered)
 G - 4 curare-tipped darts
Armour
 b - a +0 scale mail (worn)
 c - a +0 buckler (worn)
 f - a +0 pair of boots (worn)
 u - a +0 cloak (worn)
Jewellery
 v - a ring of poison resistance (left hand)
 w - a ring of willpower (right hand)
 A - the ring of Woerenith {Dex+6 Stlth+}
   (You took it off a centaur on level 6 of the Dungeon)

   [ring of dexterity]

   Dex:       It affects your dexterity (+6).
   Stlth:     It makes you more stealthy.
 H - a ring of ice
Wands
 o - a wand of paralysis (11)
 p - a wand of acid (4)
 y - a wand of flame (33)
Scrolls
 e - 2 scrolls of noise
 h - a scroll of magic mapping
 t - 3 scrolls of fog
 x - a scroll of teleportation {unknown}
 D - a scroll of amnesia {unknown}
 E - a scroll of fear {unknown}
 F - a scroll of torment {unknown}
 I - a scroll of enchant weapon {unknown}
Potions
 d - 3 potions of might
 i - a potion of berserk rage {unknown}
 j - a potion of degeneration {unknown}
 k - 2 potions of curing
 l - 2 potions of brilliance {unknown}
 m - a potion of heal wounds {unknown}
 n - 2 potions of attraction
 q - 2 potions of lignification
 s - a potion of haste
 z - 2 potions of cancellation {unknown}
 B - a potion of mutation {unknown}
 C - 2 potions of magic


   Skills:
 - Level 4.0 Fighting
 + Level 15.2 Axes
 - Level 4.0 Armour
 - Level 4.0 Shields


You had 8 spell levels left.
You didn't know any spells.
Your spell library contained the following spells:

 Spells                   Type           Power      Damage    Failure   Level
 Static Discharge         Conj/Air       0%         N/A       91%         2
 Conjure Flame            Conj/Fire      0%         6-21      99%         3
 Dazzling Flash           Conj/Hex       0%         N/A       99%         3
 Ignite Poison            Fire/Tmut/Pois 0%         N/A       99%         3
 Sticky Flame             Conj/Fire      0%         2d3       100%        4
 Agony                    Necr           0%         N/A       100%        5
 Lightning Bolt           Conj/Air       0%         1d11      100%        5
 Silence                  Hex/Air        0%         N/A       100%        5
 Maxwell's Capacitive Co  Air            0%         ∞         100%        8


Dungeon Overview and Level Annotations

Branches:
Dungeon (8/15)             Temple (0/1) D:6            Lair (0/6) D:8

Altars:
Elyvilon
Nemelex Xobeh

Portals:
Bailey: D:8

Annotations:
D:2 1 runed translucent door, Crazy Yiuf


Message History

The centaur shoots an arrow.
You block the arrow. The hornet stings you.
You feel yourself slow down.
The centaur shoots an arrow.
The arrow hits you!
* * * LOW HITPOINT WARNING * * *
The centaur shoots an arrow.
The arrow hits you but does no damage. The hornet stings you.
* * * LOW HITPOINT WARNING * * *
You are poisoned.
You feel as though you will be slow longer.
The centaur shoots an arrow.
You block the arrow.
Unknown command.
You feel purified! The hornet closely misses you.
The centaur shoots an arrow.
The arrow hits you.
* * * LOW HITPOINT WARNING * * *
The hornet stings you.
* * * LOW HITPOINT WARNING * * *
You feel yourself slow down.
The centaur shoots an arrow.
The arrow hits you but does no damage. The goblin hits you but does no damage.
Unknown command.
You are healed.
You can no longer call upon Elyvilon for divine vigour.
The hornet stings you!
* * * LOW HITPOINT WARNING * * *
The centaur shoots an arrow.
The arrow hits you.
* * * LOW HITPOINT WARNING * * *
The hornet stings you!
* * * LOW HITPOINT WARNING * * *
You are lethally poisoned!
The goblin hits you but does no damage.
The centaur shoots an arrow.
You block the arrow. You block the hornet's attack.
You are healed.
You feel yourself speed up.
You feel very sick.
The centaur shoots an arrow.
The arrow hits you!
* * * LOW HITPOINT WARNING * * *
The hornet stings you!
* * * LOW HITPOINT WARNING * * *
The goblin hits you from afar with a +0 spear.
* * * LOW HITPOINT WARNING * * *
The centaur shoots an arrow.
The arrow hits you.
You die...

..**,,..≈.>.≈..#
.#****[.≈≈≈≈≈..######
.### *..............#
...# *..............#
.#.#####....g.......#
..............g.....#
....#..#......g./...#
.#....####....g.y...#
.#..##* #......@...#
.....## #..?......<#
##.#.Y# #..........#
##..YY# #..........#
#####.## #c.........#
# #.<###..........# #
##..............# #
##..#..........# #
####..........#


You could see a hornet, a centaur and 4 goblins.

Vanquished Creatures
  A troll (D:6)
  2 yaks (D:7)
  Edmund (D:6)
  A steam dragon (D:8)
  A water moccasin (D:7)
  A sky beast (D:6)
  2 centaurs
  A phantom (D:6)
  3 scorpions
  2 bullfrogs
  A howler monkey (D:6)
  A centaur zombie (D:6)
  A bullfrog zombie (D:7)
  4 hounds
  2 orc priests
  A gnoll shaman (D:7)
  A bullfrog skeleton (D:6)
  Ijyb (D:3)
  5 iguanas
  3 orc wizards
  Terence (D:2)
  A killer bee zombie (D:6)
  A howler monkey skeleton (D:7)
  4 gnolls (D:7)
  3 adders
  A shadow imp (D:7)
  A white imp (D:5)
  3 worms
  3 dart slugs (D:1)
  18 orcs
  5 endoplasms
  5 giant cockroaches
  4 goblins
  7 hobgoblins
  5 quokkas
  12 ball pythons
  7 bats
  4 frilled lizards
  6 kobolds
  3 rats
129 creatures vanquished.

Notes
Turn   | Place    | Note
-------+----------+-------------------------------------------
     0 | D:1      | safid the Hill Orc Fighter began the quest for the Orb.
     0 | D:1      | Reached XP level 1. HP: 19/19 MP: 1/1
   251 | D:1      | Reached XP level 2. HP: 27/27 MP: 2/2
   295 | D:1      | Reached skill level 3 in Axes
   717 | D:1      | Reached XP level 3. HP: 30/33 MP: 3/3
   949 | D:1      | Found a faded altar of an unknown god.
  1151 | D:1      | Prayed at the altar of an unknown god.
  1151 | D:1      | Became a worshipper of Elyvilon the Healer
  1151 | D:1      | Reached * piety under Elyvilon
  1432 | D:2      | Noticed Terence
  1448 | D:2      | Elyvilon protects you from harm!
  1452 | D:2      | Killed Terence
  1453 | D:2      | Reached skill level 4 in Axes
  1453 | D:2      | Reached XP level 4. HP: 4/40 MP: 4/4
  1455 | D:2      | Elyvilon protects you from harm!
  1960 | D:2      | Found a runed translucent door.
  1961 | D:2      | Noticed Crazy Yiuf
  2262 | D:3      | Reached skill level 5 in Axes
  2368 | D:3      | Reached XP level 5. HP: 40/46 MP: 5/5
  2477 | D:2      | HP: 2/46 [adder (4)]
  2995 | D:3      | Reached skill level 6 in Axes
  3306 | D:3      | Reached ** piety under Elyvilon
  3314 | D:3      | Noticed Ijyb
  3621 | D:3      | Killed Ijyb
  3622 | D:3      | Reached XP level 6. HP: 24/52 MP: 6/6
  4127 | D:4      | Reached skill level 7 in Axes
  4305 | D:4      | You fall into a shaft and drop 2 floors!
  4410 | D:5      | Entered Level 5 of the Dungeon
  4721 | D:4      | Reached *** piety under Elyvilon
  4895 | D:4      | Reached skill level 8 in Axes
  5398 | D:5      | Reached XP level 7. HP: 59/59 MP: 7/7
  5456 | D:5      | Reached skill level 9 in Axes
  5825 | D:5      | Reached **** piety under Elyvilon
  6074 | D:5      | Found a sparkling altar of Nemelex Xobeh.
  6236 | D:6      | Identified the ring of Woerenith {Dex+6 Stlth+}
  6498 | D:6      | Reached skill level 10 in Axes
  6512 | D:6      | Found a staircase to the Ecumenical Temple.
  6658 | D:6      | Reached XP level 8. HP: 58/66 MP: 8/8
  6741 | D:6      | Reached skill level 11 in Axes
  6797 | D:6      | Noticed Edmund
  6808 | D:6      | Killed Edmund
  6940 | D:6      | Reached skill level 12 in Axes
  7041 | D:6      | Noticed a troll
  7411 | D:6      | Killed a troll
  7703 | D:7      | Reached skill level 13 in Axes
  8007 | D:7      | Reached XP level 9. HP: 33/71 MP: 9/9
  8227 | D:7      | Reached ***** piety under Elyvilon
  8380 | D:7      | Reached skill level 14 in Axes
  9483 | D:7      | Reached skill level 15 in Axes
  9540 | D:8      | Noticed a hornet
  9541 | D:8      | Found a flagged portal.
  9548 | D:8      | Shot with an arrow by a centaur

Illustrated notes

Levels and vault maps discovered:
D:1:      heliophobic_arrival_dark_side_of_the_moon, layout_basic,
          dilly_ecumenical_altar_fadedgnrine
D:2:      layout_rooms, uniq_crazy_yiuf_cottage, uniq_terence
D:3:      layout_basic, hangedman_decor_growths, uniq_ijyb
D:4:      layout_loops_corners
D:5:      layout_basic, kennysheep_little_box
D:6:      layout_rooms, minmay_temple_entry_overgrown, serial_corexii_hall,
          chequers_hall_statues_wall_a, chequers_hall_statues_y,
          corexii_hall_statues_s, corexii_hall_statues_x, uniq_edmund
D:7:      layout_basic
D:8:      layout_rooms, dpeg_oklobed_lair, enter_bailey_5, kennysheep_donut

Skill      XL: |  1  2  3  4  5  6  7  8  9 |
---------------+----------------------------+-----
Axes           | 3 4 5 6 8 10 13 15 | 15.2
Fighting       | 4 |  4.0
Armour         | 4 |  4.0
Shields        | 4 |  4.0

Action                   |  1- 3 |  4- 6 |  7- 9 || total
-------------------------+-------+-------+-------++-------
Melee: War axe           |    84 |   170 |   219 ||   473
Throw: Dart              |       |       |     3 ||     3
Invok: Heal Self         |       |       |     2 ||     2
       Purification      |       |       |     1 ||     1
  Use: Potion            |       |     1 |       ||     1
       Scroll            |       |       |     7 ||     7
Armor: Scale mail        |    31 |    82 |   117 ||   230
Dodge: Dodged            |    34 |    73 |    80 ||   187
Block: Buckler           |    14 |    29 |    51 ||    94
